 Dungeon Crawl Stone Soup version 0.29-a0-838-g385bb11a5b (webtiles) character file.

Game seed: 6794272452168863187

1145 gruber the Destroyer (level 8, 0/48 HPs)
             Began as a Tengu Conjurer on July 13, 2022.
             Slain by Duvessa
             ... wielding a +0 short sword
              (5 damage)
             ... on level 5 of the Dungeon.
             The game lasted 00:06:27 (6198 turns).

gruber the Destroyer (Tengu Conjurer)               Turns: 6198, Time: 00:06:28

Health: 0/48       AC:  2    Str:  7    XL:     8   Next: 37%
Magic:  4/15       EV: 16    Int: 26    God:
Gold:   346        SH:  0    Dex: 14    Spells: 12/15 levels left

rFire   + . .      SeeInvis .   r - +1 whip (elec)
rCold   . . .      Faith    .   (no shield)
rNeg    . . .      Spirit   .   a - +0 robe
rPois   .          Reflect  .   (helmet restricted)
rElec   .          Harm     .   (no cloak)
rCorr   .          Rampage  .   (no gloves)
Will    .....                   (boots unavailable)
Stlth   ++........              (no amulet)
HPRegen 0.16/turn               p - +6 ring of intelligence
MPRegen 0.14/turn               A - ring of protection from fire

@: flying quickly and evasively, quick
A: beak, talons 3, nimble flight
a: no special abilities


You were on level 5 of the Dungeon.
You visited 1 branch of the dungeon, and saw 5 of its levels.

You collected 346 gold pieces.

Inventory:

Hand Weapons
 g - a +0 dagger of holy wrath
 q - a +0 spear of flaming
 r - a +1 whip of electrocution (weapon)
Armour
 a - a +0 robe (worn)
Jewellery
 p - a +6 ring of intelligence (left hand)
 A - a ring of protection from fire (right hand)
Wands
 x - a wand of acid (8)
 z - a wand of mindburst (10)
Scrolls
 c - a scroll of torment {unknown}
 f - 3 scrolls of enchant armour {unknown}
 j - 5 scrolls of identify {unknown}
 s - 3 scrolls of blinking {unknown}
 t - 3 scrolls of brand weapon {unknown}
 u - a scroll of fog {unknown}
 v - a scroll of teleportation {unknown}
 w - a scroll of amnesia {unknown}
 y - a scroll of magic mapping {unknown}
Potions
 b - 2 potions of magic
 d - 2 potions of heal wounds {unknown}
 e - a potion of lignification
 h - a potion of attraction {unknown}
 i - 3 potions of curing {unknown}
 k - a potion of resistance {unknown}
 l - a potion of mutation {unknown}
 m - a potion of berserk rage {unknown}
 n - 3 potions of brilliance {unknown}
 o - a potion of cancellation {unknown}


   Skills:
 + Level 3.7 Fighting
 + Level 5.2 Dodging
 - Level 2.0 Stealth
 - Level 4.0 Spellcasting
 - Level 10.1 Conjurations


You had 12 spell levels left.
You knew the following spells:

 Your Spells              Type           Power      Damage    Failure   Level
a - Magic Dart            Conj           100%       1d8       1%          1
b - Searing Ray           Conj           100%       2d8       1%          2

Your spell library contained the following spells:

 Spells                   Type           Power      Damage    Failure   Level
 Dazzling Flash           Conj/Hex       62%        N/A       3%          3
 Apportation              Tloc           10%        N/A       9%          1
 Necrotise                Necr           20%        1d5       9%          1
 Summon Small Mammal      Summ           20%        N/A       9%          1
 Fulminant Prism          Conj/Hex       15%        3d11      11%         4
 Iskenderun's Mystic Bla  Conj/Tloc      31%        2d8       11%         4
 Gell's Gravitas          Tloc           5%         N/A       26%         3
 Lesser Beckoning         Tloc           5%         N/A       26%         3
 Teleport Other           Tloc           5%         N/A       26%         3


Dungeon Overview and Level Annotations

Branches:
Dungeon (5/15)
 Temple: D:4-7

Altars:
Trog
Uskayaw

Annotations:
D:4 3 runed translucent doors, Bobz's ghost, amateur MfSu
D:5 Dowan; Duvessa


Innate Abilities, Weirdness & Mutations

You have a beak for a mouth.
You have claws for feet.
Your magical nature lets you fly swiftly and evasively.


Message History

Duvessa barely misses you.
Casting: Magic Dart (safe; 1% risk of failure)
Confirm with . or Enter, or press ? or * to list all spells.
Aiming: Searing Ray (safe; 1% risk of failure)
Press: ? - help, Shift-Dir - straight line, f - Duvessa
Aim: Duvessa, wielding a +0 short sword and wearing a +0 leather armour (fast, 85% to hit)
The searing ray hits Duvessa.
Duvessa is lightly wounded. (Press . to maintain the ray.) Duvessa completely misses you.
Unknown command.
The searing ray hits Duvessa.
Duvessa is lightly wounded.
Duvessa completely misses you.
The searing ray hits Duvessa but does no damage.
Duvessa is lightly wounded.
Duvessa hits you with a +0 short sword.
The searing ray hits Duvessa.
Duvessa is lightly wounded.
You finish channelling your searing ray.
Duvessa hits you with a +0 short sword!
Dowan, Brother of Duvessa comes into view.
He is wielding a +0 dagger and wearing a +0 robe of fire resistance.
Duvessa barely misses you.
Unknown command.
Unknown command.
Duvessa closely misses you.
Duvessa gestures with her weapon.
Duvessa barely misses you. Duvessa hits you with a +0 short sword.
Duvessa attacks as you move away! Duvessa completely misses you.
Duvessa attacks as you move away!
Duvessa hits you with a +0 short sword! x2
* * * LOW HITPOINT WARNING * * *
Duvessa closely misses you. Duvessa attacks as you move away!
Duvessa hits you with a +0 short sword.
* * * LOW HITPOINT WARNING * * *
There is a stone staircase leading up here.
Duvessa hits you with a +0 short sword.
* * * LOW HITPOINT WARNING * * *
Duvessa hits you with a +0 short sword.
You die...

.. ##...........#.##..# #.
#.#<.........#...... #.
#.#..).......#..##.# #.
#.......#..........#
#.###.#..##.........#### #
###.........#.....#.....# #.
..##...###.##..#####......
###.###.##...###e.#..###########
#.......##....^@#.<..##......#
..#......#...##.#...###......#
.........#...##.##...........#
#......<.##.....##..#.#......#
........###........>.........#
#...###........#......##.....#
... #.###....#......##.....# #
#.# #....#....####)....# ###
##...#....# #######


You could see Duvessa (fast).

Vanquished Creatures
  Menkaure (D:4)
  2 black bears (D:5)
  2 ogres
  A necrophage (D:5)
  A scorpion (D:5)
  A howler monkey (D:5)
  A hound (D:5)
  An orc priest (D:4)
  A gnoll bouda (D:5)
  2 iguanas (D:5)
  3 orc wizards (D:2)
  9 gnolls
  7 adders
  3 river rats (D:5)
  A white imp (D:5)
  An ufetubus (D:5)
  4 worms
  A dart slug (D:1)
  12 orcs
  12 endoplasms
  7 giant cockroaches
  3 goblins
  6 hobgoblins
  4 jackals
  3 quokkas
  12 ball pythons
  5 bats
  4 frilled lizards
  9 kobolds
  6 rats
125 creatures vanquished.

Notes
Turn   | Place    | Note
-------+----------+-------------------------------------------
     0 | D:1      | gruber the Tengu Conjurer began the quest for the Orb.
     0 | D:1      | Reached XP level 1. HP: 10/10 MP: 4/4
   251 | D:1      | Reached XP level 2. HP: 14/15 MP: 0/6
   409 | D:1      | Found a faded altar of an unknown god.
   480 | D:1      | Reached skill level 6 in Conjurations
   824 | D:1      | Reached XP level 3. HP: 19/19 MP: 2/7
  1010 | D:2      | Learned a level 2 spell: Searing Ray
  1124 | D:2      | Found a bloodstained altar of Trog.
  1404 | D:1      | Reached skill level 7 in Conjurations
  1404 | D:1      | Reached XP level 4. HP: 17/24 MP: 0/8
  2387 | D:2      | Gained mutation: Your magical nature lets you fly swiftly
                  | and evasively. [Tengu growth]
  2387 | D:2      | Reached XP level 5. HP: 28/28 MP: 5/10
  2510 | D:2      | Reached skill level 8 in Conjurations
  3086 | D:3      | You are sucked into a shaft and drop 2 floors!
  3086 | D:5      | Entered Level 5 of the Dungeon
  3093 | D:5      | Noticed a black bear
  3105 | D:5      | Killed a black bear
  3106 | D:5      | Reached XP level 6. HP: 32/32 MP: 3/12
  3176 | D:5      | Noticed an ice beast
  3180 | D:4      | Found a runed translucent gate.
  3181 | D:4      | Found a runed translucent gate.
  3182 | D:4      | Found a runed translucent gate.
  3185 | D:4      | Noticed Bobz's ghost (amateur MfSu)
  3639 | D:4      | Found a hide-covered altar of Uskayaw.
  4408 | D:4      | Noticed Menkaure
  4412 | D:4      | Killed Menkaure
  4413 | D:4      | Reached skill level 9 in Conjurations
  4413 | D:4      | Reached XP level 7. HP: 36/36 MP: 8/14
  4769 | D:4      | Reached skill level 10 in Conjurations
  4832 | D:4      | Identified the +0 helmet of the Shrieking God {Rampage
                  | Regen+ Str-2 Stlth+}
  5308 | D:5      | Reached skill level 1 in Fighting
  5487 | D:5      | Reached XP level 8. HP: 43/45 MP: 4/15
  6078 | D:5      | Reached skill level 5 in Dodging
  6163 | D:5      | Noticed Duvessa
  6182 | D:5      | Noticed Dowan
  6198 | D:5      | Slain by Duvessa

Illustrated notes

Levels and vault maps discovered:
D:1:      matt_arrival_grand_opening, layout_basic,
          chequers_ecumenical_altar_grove, chequers_serial_rivers_small_a
D:2:      layout_loops_ring, basic_altar
D:3:      layout_loops_ring
D:4:      layout_gridville, mainiacjoe_overflow_six_doors_small,
          gammafunk_ghost_split, uniq_menkaure
D:5:      minmay_thinvault, layout_basic, nicolae_hepliaklqana_hazy_memory,
          portal_sewer_entry_b, minmay_shop_grid_forest, minmay_starry_boxes,
          uniq_duvessa

Skill      XL: |  1  2  3  4  5  6  7  8 |
---------------+-------------------------+-----
Conjurations   | 6 7 8 9 10 | 10.1
Spellcasting   | 3 4 |  4.0
Fighting       | 2 3 |  3.7
Dodging        | 3 5 |  5.2
Stealth        | |  2.0

Action                   |  1- 3 |  4- 6 |  7- 9 || total
-------------------------+-------+-------+-------++-------
Melee: Unarmed           |     3 |       |       ||     3
       Kick              |     3 |     1 |     6 ||    10
       Peck              |     2 |     1 |     3 ||     6
       Dagger            |     6 |     7 |       ||    13
       Whip              |       |       |    31 ||    31
 Cast: Magic Dart        |    56 |    86 |    47 ||   189
       Searing Ray       |     5 |     8 |    18 ||    31
  Use: Potion            |       |       |     1 ||     1
Armor: Robe              |     2 |     3 |     3 ||     8
       Skin              |       |       |    15 ||    15
Dodge: Dodged            |    14 |    11 |    35 ||    60

Table legend: (Time is in decaauts)
 A = Elapsed time spent in this place.
 B = Non-inter-level travel time spent in this place.
 C = Inter-level travel time spent in this place.
 D = Time resting spent in this place.
 E = Time spent auto-exploring this place.
 F = Levels seen in this place.
 G = Mean time per level.
                   A        B        C        D        E       F      G
               +--------+--------+--------+--------+--------+-----+--------+
         Total |   6005 |   5818 |    187 |     99 |   4955 |   5 | 1201.0 |
       Dungeon |   6005 |   5818 |    187 |     99 |   4955 |   5 | 1201.0 |
               +--------+--------+--------+--------+--------+-----+--------+

Top non-repeatable levels by time:
     D:1: 1543 daAuts
     D:2: 1321 daAuts
     D:4: 1230 daAuts
     D:5: 1095 daAuts
     D:3: 814 daAuts
